 Dungeon Crawl Stone Soup version 0.16-b1 (webtiles) character file.

102 Zapata the Cudgeler (level 5, 0/32 HPs)
             Began as a Kobold Berserker on Mar 15, 2015.
             Was a Priest of Trog.
             Slain by a giant cockroach (1 damage)
             ... summoned by a shadow trap
             ... triggered by the player character
             ... on level 3 of the Dungeon.
             The game lasted 00:02:50 (2209 turns).

Zapata the Cudgeler (Kobold Berserker)              Turns: 2209, Time: 00:02:50

Health: 0/32       AC:  3    Str: 15    XL:     5   Next: 5%
Magic:  5/5        EV: 15    Int:  5    God:    Trog [***...]
Gold:   159        SH:  0    Dex: 17    Spells: 0 memorised, 4 levels left

rFire  . . .     SeeInvis .     a - +0 mace
rCold  . . .     Clarity  .     b - +0 animal skin
rNeg   . . .     SustAb   .     (no shield)
rPois  .         Gourm    .     (no helmet)
rElec  .         Spirit   .     l - +0 cloak
rCorr  .         Warding  .     (no gloves)
rMut   .         Stasis   .     (no boots)
MR     .....                    h - amulet of faith
Stlth  ++........               (no ring)
                                (no ring)

@: not resistant to hostile enchantments, unstealthy
A: carnivore 3
a: Burn Spellbooks, Berserk, Trog's Hand, Renounce Religion


You were on level 3 of the Dungeon.
You worshipped Trog.
Trog was most pleased with you.
You were very hungry.

You visited 1 branch of the dungeon, and saw 3 of its levels.

You collected 159 gold pieces.

Inventory:

Hand weapons
 a - a +0 mace (weapon)
Missiles
 p - 18 bolts
Armour
 b - a +0 animal skin (worn)
 l - a +0 cloak (worn)
Jewellery
 h - an amulet of faith (around neck)
Magical devices
 e - a wand of slowing (25)
Scrolls
 d - a scroll of blinking
 i - a scroll of immolation
 j - a scroll of recharging {unknown}
 n - a scroll of identify
 o - a scroll of enchant weapon {unknown}
 q - a scroll of remove curse
Potions
 f - a potion of curing
 g - a potion of degeneration {unknown}
 m - a potion of cancellation {unknown}
Comestibles
 c - 2 meat rations
 k - a beef jerky


   Skills:
 - Level 3.2 Fighting
 + Level 5.3 Maces & Flails
 - Level 1.5 Armour
 - Level 2.4 Dodging


You had 4 spell levels left.
You didn't know any spells.

Dungeon Overview and Level Annotations

Branches:
Dungeon (3/15)

Altars:


Innate Abilities, Weirdness & Mutations

You are small and have problems with some larger weapons.
You are carnivorous and can eat meat at any time.


Message History

The giant cockroach bites you but does no damage.
You hit the quokka but do no damage. The quokka barely misses you.
The quokka bites you.
* * * LOW HITPOINT WARNING * * *
The giant cockroach completely misses you.
The quokka closely misses you.
Use which ability? (? or * to list)
You can't do that.
You hit the giant cockroach but do no damage.
The quokka bites you.
* * * LOW HITPOINT WARNING * * *
The giant cockroach misses you. The quokka misses you.
The quokka barely misses you.
The giant cockroach bites you but does no damage.
You hit the giant cockroach.
The giant cockroach is moderately wounded.
The quokka bites you.
* * * LOW HITPOINT WARNING * * *
The giant cockroach bites you.
You die...

#....#.##.#.##.##(#.####
#.........#.##.##)......
#.........#.#.......###.
#.........#.#.....#.#
#....#....#.#..)).#.#
######'##.#.#..##.#.#
#......#.#.. #....
#....s.#.#.. #.#.#
#...@r.#.#.. #.#.#
###.r..#.##. #.. .
#....# #. #.# ## #....#
.. .# #....# . . ....##
....# .....# ...


You could see 2 quokkas and a giant cockroach.

Vanquished Creatures
  Jessica (D:2)
  2 adders
  A giant mite (D:1)
  2 worms (D:2)
  A giant gecko (D:2)
  An ooze (D:2)
  An orc (D:3)
  A ball python (D:1)
  3 bats
  4 hobgoblins
  3 jackals (D:2)
  A giant cockroach (D:2)
  2 giant newts (D:1)
  8 goblins
  9 kobolds
  A quokka (D:2)
  7 rats
48 creatures vanquished.

Notes
Turn   | Place    | Note
--------------------------------------------------------------
     0 | D:1      | Zapata, the Kobold Berserker, began the quest for the Orb.
     0 | D:1      | Reached XP level 1. HP: 14/14 MP: 1/1
   138 | D:1      | Reached XP level 2. HP: 16/19 MP: 2/2
   382 | D:1      | Acquired Trog's second power
   446 | D:1      | Reached skill level 4 in Maces & Flails
   446 | D:1      | Reached XP level 3. HP: 18/23 MP: 3/3
   813 | D:2      | Noticed Jessica
   835 | D:2      | Killed Jessica
   835 | D:2      | Reached XP level 4. HP: 3/28 MP: 4/4
   835 | D:2      | HP: 1/42 [rat (2)]
  1560 | D:2      | Reached skill level 5 in Maces & Flails
  2117 | D:3      | Reached XP level 5. HP: 22/32 MP: 5/5
  2209 | D:3      | HP: 1/32 [quokka[the player character] (5)]
  2209 | D:3      | Slain by a giant cockroach

Action                   |  1- 3 |  4- 6 || total
-------------------------+-------+-------++-------
Melee: Mace              |    79 |    77 ||   156
Invok: Berserk           |     1 |     3 ||     4
  Use: Scroll            |     3 |     3 ||     6
       Potion            |     1 |       ||     1
 Stab: Sleeping          |     2 |       ||     2
  Eat: Chunk             |       |     5 ||     5
       Beef jerky        |       |     1 ||     1
